 Dungeon Crawl Stone Soup version 0.31-a0-233-g139696dc86 (webtiles) character file.

Game seed: 7626118730598278586

51 qw the Shooter (level 3, -4/21 HPs)
             Began as a Gargoyle Hexslinger on July 9, 2023.
             Slain by a goblin
             ... wielding a +0 club
             ... led by Robin
              (5 damage)
             ... on level 2 of the Dungeon.
             The game lasted 00:00:28 (1128 turns).

qw the Shooter (Gargoyle Hexslinger)                Turns: 1128, Time: 00:00:28

Health: -4/21      AC:  5    Str: 11    XL:     3   Next: 83%
Magic:  4/4        EV: 12    Int: 13    God:
Gold:   121        SH:  0    Dex: 20    Spells: 3/4 levels left

rFire   . . .        Y - +1 sling
rCold   . . .        (no shield)
rNeg    + . .        c - +0 robe
rPois   inf          (no helmet)
rElec   +            (no cloak)
rCorr   .            (no gloves)
SInv    .            (no boots)
Will    .....        (no amulet)
Stlth   ++           i - +6 ring of dexterity
HPRegen 0.23/turn    (no ring)
MPRegen 0.09/turn

%: no passive effects
@: no status effects
A: sickness immunity, AC +3, negative energy resistance 1, electricity
resistance, torment resistance 1, petrification resistance
a: no special abilities


You were on level 2 of the Dungeon.
You visited 1 branch of the dungeon, and saw 2 of its levels.

You collected 121 gold pieces.


Innate Abilities, Weirdness & Mutations

You are immune to sickness and miasma.
Your stone body is resilient. (AC +3)
You are immune to poison.
You resist negative energy. (rN+)
You are resistant to electric shocks. (rElec)
You are resistant to unholy torment.
You are immune to petrification.


   Skills:
 - Level 2.0 Fighting
 + Level 3.7 Ranged Weapons
 - Level 1.5 Dodging
 - Level 1.0 Spellcasting
 - Level 2.6 Hexes


You had 3 spell levels left.
You knew the following spells:

 Your Spells              Type           Power      Damage    Failure   Level
a - Slow                  Hex            28%        N/A       10%         1

Your spell library contained the following spells:

 Spells                   Type           Power      Damage    Failure   Level
 Inner Flame              Hex/Fire       4%         N/A       43%         3
 Portal Projectile        Hex/Tloc       8%         N/A       43%         3
 Cause Fear               Hex            3%         N/A       67%         4

Inventory:

Hand Weapons
 Y - a +1 sling (weapon)
Armour
 b - a +0 leather armour
 c - a +0 robe (worn)
Jewellery
 i - a +6 ring of dexterity (left hand)
Scrolls
 a - a scroll of identify
 d - a scroll of noise {unknown}
Potions
 g - a potion of ambrosia {unknown}
 h - a potion of might {unknown}
 j - 2 potions of curing {unknown}
 k - a potion of resistance
 l - a potion of attraction {unknown}

Dungeon Overview and Level Annotations

Branches:
Dungeon (2/15)

Altars:

Shops:
D:1 :(


Message History

The sling bullet hits the goblin but does no damage.
The goblin hits you with a +0 club.
Robin roars a battlecry!
You hear a shout!
You shoot a sling bullet. The sling bullet barely misses Robin.
The sling bullet hits the goblin.
The goblin is heavily wounded.
The goblin barely misses you. Robin barely misses you.
You shoot a sling bullet. The sling bullet hits Robin.
Robin is lightly wounded.
Robin throws the goblin at you! The goblin closely misses you. x2
The goblin barely misses you. The goblin misses you. Robin closely misses you.
You shoot a sling bullet. The sling bullet hits the goblin!
You kill the goblin!
The goblin hits you with a +0 club. x2; Robin hits you with a +0 mace.
The goblin hits you but does no damage.
You shoot a sling bullet. The sling bullet hits Robin.
Robin is heavily wounded.
The goblin barely misses you. The goblin closely misses you.
Robin throws the goblin at you! The goblin misses you.
You shoot a sling bullet.
The sling bullet hits Robin but does no damage.
Robin is heavily wounded.
The goblin misses you. The goblin barely misses you.
The goblin hits you but does no damage. The goblin hits you with a +0 club.
Robin roars a battlecry!
The goblin misses you.
You shoot a sling bullet. The sling bullet hits Robin!
Robin is almost dead.
The goblin hits you with a +0 dagger.
A goblin comes into view. It is wielding a +0 club.
Robin hits you with a +0 mace. The goblin barely misses you.
The goblin closely misses you. The goblin barely misses you.
The goblin hits you with a +0 club. The goblin barely misses you.
The goblin hits you but does no damage. The goblin closely misses you.
The goblin hits you but does no damage. The goblin misses you.
You shoot a sling bullet. The sling bullet hits Robin.
You kill Robin!
The goblin hits you with a +0 club.
You die...

....#.......#...#
....#......##...#
....#......##...####
#'##.......##......#
..............#....#
...................#
.>.................#
#..............ggg.#
#.######.......)@###
#.######.###...g)g......
.......#.# #....g###....
..#....#.......... $.
###....# ####......
.......+ #...).. .###...
#....#. ..# #....#.# ..+


You could see 6 goblins.

Vanquished Creatures
  Robin (D:2)
  A dart slug (D:1)
  An endoplasm (D:1)
  A giant cockroach (D:2)
  7 goblins
  5 hobgoblins
  3 quokkas (D:1)
  9 ball pythons
  4 bats
  2 frilled lizards
  6 kobolds (D:1)
  7 rats
47 creatures vanquished.

Notes
Turn   | Place    | Note
-------+----------+-------------------------------------------
     0 | D:1      | qw the Gargoyle Hexslinger began the quest for the Orb.
     0 | D:1      | Reached XP level 1. HP: 12/12 MP: 2/2
     0 | D:1      | 0 ||| qw: Version: 0.3-a-51-g015441d
     0 | D:1      | 0 ||| qw: Game counter: 3960
     0 | D:1      | 0 ||| qw: Melee chars always use a shield: true
     0 | D:1      | 0 ||| qw: God list: Okawaru
     0 | D:1      | 0 ||| qw: Allow faded altars: false
     0 | D:1      | 0 ||| qw: Do Orc after clearing Dungeon:15 true
     0 | D:1      | 0 ||| qw: Do second Lair branch before Depths: true
     0 | D:1      | 0 ||| qw: Lair rune preference: random
     0 | D:1      | 0 ||| qw: Goals: Normal
     0 | D:1      | 0 ||| PLANNING D:1-11
     3 | D:1      | Noticed an electric eel
     4 | D:1      | Noticed an electric eel
    48 | D:1      | Found Coproge's Book Emporium.
   170 | D:1      | Found a faded altar of an unknown god.
   247 | D:1      | Found Hiuf's Antique Weapon Shoppe.
   291 | D:1      | Reached XP level 2. HP: 16/16 MP: 3/3
   346 | D:1      | Reached skill level 3 in Ranged Weapons
   557 | D:1      | Reached XP level 3. HP: 21/21 MP: 4/4
   938 | D:1      | 938 ||| UPGRADING to +6 ring of dexterity.
   939 | D:1      | 939 ||| READING 2 scrolls labelled UWASO DYLOM.
   940 | D:1      | 940 ||| READING 2 scrolls labelled BUOZICAUGH.
   941 | D:1      | 941 ||| READING scroll labelled DEBRUA NAOR.
   942 | D:1      | 942 ||| DRINKING 2 coppery potions.
   943 | D:1      | 943 ||| DROPPING scroll of poison.
   944 | D:1      | 944 ||| DROPPING scroll of blinking.
  1113 | D:2      | Noticed Robin
  1126 | D:2      | HP: 4/21 [goblin/+0 club[Robin] (3)]
  1127 | D:2      | HP: 1/21 [goblin/+0 club[Robin] (1)]
  1128 | D:2      | Killed Robin
  1128 | D:2      | Slain by a goblin

Levels and vault maps discovered:
D:1:      arrival_aquarium_b, layout_loops_corners,
          shapermc_ecumenical_altar_ellora, serial_shops, nicolae_diamond_shop,
          shop, minmay_pentomino_x4
D:2:      layout_basic, uniq_sigmund, uniq_robin

Skill      XL: |  1  2 |
---------------+-------+-----
Ranged Weapons | 3 |  3.7
Fighting       | 2 |  2.0
Dodging        | |  1.5
Spellcasting   | |  1.0
Hexes          | |  2.6

Action                     || total
---------------------------++-------
   Fire: Sling             ||   110
    Use: Scroll            ||     3
         Potion            ||     1
 Armour: Robe              ||    10
  Dodge: Dodged            ||    49

Table legend:
 A = Non-vault XP
 B = Vault XP
 C = Vault XP percentage of total XP
 D = Non-vault monster count
 E = Vault monster count
 F = Vault count percentage of total count
                 A         B        C        D         E       F
            +---------+---------+-------+---------+---------+-------
      Total |      61 |      29 |  32.2 |      39 |       8 |  17.0
            +---------+---------+-------+---------+---------+-------
        D:1 |      46 |       5 |   9.8 |      30 |       3 |   9.1
        D:2 |      15 |      24 |  61.5 |       9 |       5 |  35.7
            +---------+---------+-------+---------+---------+-------
